 Dungeon Crawl Stone Soup version 0.14.1-25-g305bacd (webtiles) character file.

107 MRaven the Stinger (level 2, 17/17 HPs)
             Began as an Octopode Venom Mage on July 3, 2014.
             Quit the game on Level 1 of the Dungeon on July 7, 2014.
             The game lasted 00:06:38 (854 turns).

MRaven the Stinger (Octopode Venom Mage)             Turns: 854, Time: 00:06:39

HP  17/17        AC  1     Str  7      XL: 2   Next: 45%
MP   5/5         EV 12     Int 17      God:
Gold 93          SH  0     Dex 12      Spells:  2 memorised,  3 levels left

rFire  . . .     SeeInvis .     h - +1,+2 short sword (drain)
rCold  . . .     Clarity  .     (no shield)
rNeg   . . .     Conserve .     (helmet restricted)
rPois  +         rCorr    .     (no amulet)
rElec  .         rRot     .     e - ring of poison resistance {unknown}
SustAb . .       Spirit   .     (no ring)
rMut   .         Warding  .     (no ring)
Saprov . . .     Stasis   .     (no ring)
MR     .....                    (no ring)
                                (no ring)
                                (no ring)
                                (no ring)

@: not resistant to hostile enchantments, quite stealthy
A: almost no armour, amphibious, 8 rings, constrict 8, camouflage 1, gelatinous
body 1
a: no special abilities


You were on level 1 of the Dungeon.
You were not hungry.

You visited 1 branch of the dungeon, and saw 1 of its levels.

You collected 93 gold pieces.

Inventory:

Hand weapons
 h - a +1,+2 short sword of draining (weapon)
Comestibles
 c - a bread ration
 k - a banana
 l - a chunk of giant newt flesh
 o - a chunk of bat flesh
Scrolls
 a - a scroll of fear {unknown}
 f - 2 scrolls of amnesia {unknown}
 g - 2 scrolls of noise {unknown}
 m - 2 scrolls of teleportation {unknown}
 n - a scroll of remove curse {unknown}
Jewellery
 e - a ring of poison resistance (left tentacle) {unknown}
Potions
 d - a potion of brilliance {unknown}
 i - a potion of confusion {unknown}
 j - a potion of might {unknown}
Books
 b - a Young Poisoner's Handbook

   Spells                             Type                      Level
   *Sting                             Conjuration/Poison           1
   *Cure Poison                       Poison                       2
   Mephitic Cloud                     Conjuration/Poison/Air       3
   Olgreb's Toxic Radiance            Poison                       4
   Venom Bolt                         Conjuration/Poison           5


   Skills:
 - Level 2.0 Dodging
 - Level 2.6 Stealth
 + Level 2.5 Spellcasting
 + Level 5.1 Poison Magic


You had 3 spell levels left.
You knew the following spells:

 Your Spells              Type           Power        Failure   Level  Hunger
a - Sting                 Conj/Pois      ##..         10%         1    #......
b - Cure Poison           Pois           ###.......   3%          2    ##.....


Dungeon Overview and Level Annotations

Branches:
Dungeon (1/15)

Altars:


Innate Abilities, Weirdness & Mutations

You cannot wear most types of armour.
You are amphibious.
You can wear up to eight rings at the same time.
You can use your tentacles to constrict many enemies at once.
Your skin changes colour to match your surroundings (Stlth).
Your rubbery body absorbs attacks (AC +1).


Message History

A bat comes into view.
You hit the bat.
You kill the bat!
You see here a bat corpse.
You start butchering the bat corpse.
You continue butchering the corpse.
You continue butchering the corpse. x2
You finish butchering the bat corpse.
o - a chunk of bat flesh You start resting.
HP restored.
A rat comes into view.
An ooze comes into view.
You hit the rat.
You kill the rat!
You see here a rat corpse.
Unknown command.
Saving game... please wait.
Welcome back, MRaven the Octopode Venom Mage.
Press ? for a list of commands and other information.
Are you sure you want to abandon this character and quit the game? (Confirm with "yes".)

.## #### ..## #......
...## #....... ....# ####
##........ #...# #..
.......... #...# #.#
#......... #...###.##
#.........
#...#....######..........
#...#...........@........
#...#....#######.####.###
#...#)...# #.# #.#
#...#....# #.# #.#
#...###.## #.# #.#
#...#....# #.# #.#
#...#....# #.# #.#
#...#....# #J# #.#
#...#....# #.# #.#


You could see an ooze (sleeping).

Vanquished Creatures
  A giant gecko (D:1)
  An ooze (D:1)
  3 bats (D:1)
  A hobgoblin (D:1)
  3 giant newts (D:1)
  A goblin (D:1)
  A kobold (D:1)
  2 rats (D:1)
13 creatures vanquished.

Notes
Turn   | Place    | Note
--------------------------------------------------------------
     0 | D:1      | MRaven, the Octopode Venom Mage, began the quest for the Orb.
     0 | D:1      | Reached XP level 1. HP: 11/11 MP: 3/3
   111 | D:1      | Reached skill level 5 in Poison Magic
   161 | D:1      | Reached XP level 2. HP: 3/17 MP: 1/5
   687 | D:1      | Learned a level 2 spell: Cure Poison
   854 | D:1      | Upgraded the game from 0.14.1-24-gbdbe590 to 0.14.1-25-g305bacd
   854 | D:1      | Quit the game

Action                   || total
-------------------------++-------
Melee: Unarmed           ||    13
       Short sword       ||    12
 Cast: Sting             ||    10
 Stab: Sleeping          ||     1
